 Dungeon Crawl Stone Soup version 0.27.0 (webtiles) character file.

Game seed: 13009616123695466493

74 Raultor the Slasher (level 4, -4/35 HPs)
             Began as a Demonspawn Fighter on July 30, 2021.
             Slain by Sigmund (8 damage)
             ... on level 2 of the Dungeon.
             The game lasted 00:02:36 (2005 turns).

Raultor the Slasher (Demonspawn Fighter)            Turns: 2005, Time: 00:02:36

Health: -4/35      AC:  6    Str: 17    XL:     4   Next: 9%
Magic:  4/4        EV:  6    Int: 10    God:
Gold:   44         SH:  8    Dex: 12    Spells: 3/3 levels left

rFire    . . .     SeeInvis .   a - +0 long sword
rCold    . . .     Faith    .   c - +0 kite shield
rNeg     . . .     Spirit   .   b - +0 scale mail
rPois    .         Reflect  .   (helmet restricted)
rElec    .         Harm     .   (no cloak)
rCorr    .         Rampage  .   (no gloves)
Will     .....                  (no boots)
Stlth    ..........             (no amulet)
HPRegen  0.11/turn              (no ring)
MPRegen  0.09/turn              (no ring)

@: mighty
A: horns 1, powered by death 2
a: no special abilities


You were on level 2 of the Dungeon.
You visited 1 branch of the dungeon, and saw 2 of its levels.

You collected 44 gold pieces.


Innate Abilities, Weirdness & Mutations

You have a pair of small horns on your head.
You regenerate health from kills.


   Skills:
 + Level 3.0 Fighting
 * Level 4.0 Long Blades
 + Level 2.7 Armour
 + Level 2.7 Shields


You had 3 spell levels left.
You didn't know any spells.
Your spell library was empty.

Inventory:

Hand Weapons
 a - a +0 long sword (weapon)
Armour
 b - a +0 scale mail (worn)
 c - a +0 kite shield (worn)
Scrolls
 f - a scroll of amnesia
 g - a scroll of immolation {unknown}
 h - a scroll of enchant armour {unknown}
 i - a scroll of identify {unknown}
 k - a scroll of teleportation {unknown}
Potions
 e - a potion of invisibility {unknown}
 j - 2 potions of brilliance {unknown}

Dungeon Overview and Level Annotations

Branches:
Dungeon (2/15)

Altars:
The Shining One

Annotations:
D:2 Sigmund

###.## ....#
......# #####
####.....#
........# #......#
#......# #......#
#....{.# #....@.#
.. #.#......# ..
#.#......# .
#.#......# .
#.#......#
#.########.#.####.#
#.................#
####..............#
..................#


There were no monsters in sight!


Message History

No target in view!
No target in view!
No target in view!
No target in view!
Sigmund the Dreaded comes into view.
He is wielding a +0 scythe.
Sigmund shouts!
You feel very mighty all of a sudden.
Sigmund screams, "I am the angel of ZOT!!!"
Sigmund casts a spell at you.
The magic dart hits you but does no damage.
You block Sigmund's attack.
You completely miss Sigmund. Sigmund hits you with a +0 scythe!
You block Sigmund's attack.
You slash Sigmund!
Sigmund is moderately wounded.
You block Sigmund's attack.
You slash Sigmund!
Sigmund is severely wounded.
Sigmund hits you with a +0 scythe!
* * * LOW HITPOINT WARNING * * *
Sigmund mumbles some strange words.
Sigmund flickers and vanishes!
Deactivating autopickup; reactivate with Ctrl-A.
You miss something.
You hear some strange, mumbled words.
A puff of flame appears from out of thin air!
The puff of flame hits you!
* * * LOW HITPOINT WARNING * * *
You miss something. Something hits you!
You die...

Skill      XL: |  1  2  3  4 |
---------------+-------------+-----
Long Blades    | 2 3 4 |  4.0
Fighting       | |  3.0
Armour         | |  2.7
Shields        | |  2.7

Action                   |  1- 3 |  4- 6 || total
-------------------------+-------+-------++-------
Melee: Long sword        |   146 |    14 ||   160
       Headbutt          |       |     4 ||     4
  Use: Scroll            |     1 |       ||     1
       Potion            |       |     1 ||     1
Armor: Scale mail        |   110 |    10 ||   120
Dodge: Dodged            |    60 |     3 ||    63
Block: Kite shield       |   107 |    11 ||   118
       Rpst.: Long sword |    25 |       ||    25

Levels and vault maps discovered:
D:1:      giann_forest_graveyard, layout_basic,
          shapermc_ecumenical_altar_notcrosses
D:2:      layout_basic, basic_altar, minivault_5, guppyfry_early_lair_pool,
          uniq_sigmund

Notes
Turn   | Place    | Note
-------+----------+-------------------------------------------
     0 | D:1      | Raultor the Demonspawn Fighter began the quest for the Orb.
     0 | D:1      | Reached XP level 1. HP: 18/18 MP: 1/1
    65 | D:1      | Reached skill level 2 in Long Blades
   120 | D:1      | Gained mutation: You regenerate a little health from kills.
                  | [demonic ancestry]
   120 | D:1      | Reached XP level 2. HP: 23/24 MP: 2/2
   333 | D:1      | Found a faded altar of an unknown god.
   650 | D:1      | Reached skill level 3 in Long Blades
   926 | D:1      | Gained mutation: You regenerate health from kills. [demonic
                  | ancestry]
   926 | D:1      | Reached XP level 3. HP: 29/29 MP: 3/3
  1655 | D:1      | Gained mutation: You have a pair of small horns on your
                  | head. [demonic ancestry]
  1655 | D:1      | Reached XP level 4. HP: 7/35 MP: 4/4
  1992 | D:2      | Reached skill level 4 in Long Blades
  1996 | D:2      | Noticed Sigmund
  2005 | D:2      | Slain by Sigmund

Vanquished Creatures
  2 adders (D:2)
  A worm (D:2)
  A dart slug (D:1)
  2 endoplasms
  A giant cockroach (D:1)
  4 hobgoblins
  5 jackals
  2 quokkas
  4 ball pythons
  10 bats
  2 frilled lizards (D:1)
  4 goblins
  6 kobolds
  5 rats
49 creatures vanquished.

Vanquished Creatures (others)
  2 plants (D:2)
2 creatures vanquished.

Grand Total: 51 creatures vanquished

Table legend: (Time is in decaauts)
 A = Elapsed time spent in this place.
 B = Non-inter-level travel time spent in this place.
 C = Inter-level travel time spent in this place.
 D = Time resting spent in this place.
 E = Time spent auto-exploring this place.
 F = Levels seen in this place.
 G = Mean time per level.
                   A        B        C        D        E       F      G
               +--------+--------+--------+--------+--------+-----+--------+
         Total |   2085 |   2075 |     10 |      0 |   1660 |   2 | 1042.5 |
       Dungeon |   2085 |   2075 |     10 |      0 |   1660 |   2 | 1042.5 |
               +--------+--------+--------+--------+--------+-----+--------+

Top non-repeatable levels by time:
     D:1: 1386 daAuts
     D:2: 699 daAuts

Table legend:
 A = Non-vault XP
 B = Vault XP
 C = Vault XP percentage of total XP
 D = Non-vault monster count
 E = Vault monster count
 F = Vault count percentage of total count
                 A         B        C        D         E       F
            +---------+---------+-------+---------+---------+-------
      Total |     106 |       0 |   0.0 |      49 |       0 |   0.0
            +---------+---------+-------+---------+---------+-------
        D:1 |      48 |       0 |   0.0 |      31 |       0 |   0.0
        D:2 |      58 |       0 |   0.0 |      18 |       0 |   0.0
            +---------+---------+-------+---------+---------+-------
